 Dungeon Crawl Stone Soup version bcrawl-1.23.4-4-gb897bc9fbb (webtiles) character file.

Game seed: 17794659825380511973

103 Hasart the Skirmisher (level 4, -1/38 HPs)
             Began as a Demigod Fighter on June 8, 2020.
             Slain by an ogre
             ... wielding a +0 giant club
              (6 damage)
             ... on level 3 of the Dungeon.
             The game lasted 00:04:20 (2106 turns).

Hasart the Skirmisher (Demigod Fighter)             Turns: 2106, Time: 00:04:20

Health: -1/38      AC: 11    Str: 22    XL:     4   Next: 51%
Magic:  8/8        EV:  6    Int: 12    God:    Demigod [*.....]
Gold:   210        SH: 10    Dex: 16    Spells: 3/3 levels left

rFire    . . .     SeeInvis .   a - +0 long sword
rCold    . . .     Gourm    .   c - +0 medium shield
rNeg     . . .     Faith    .   o - quicksilver dragon scales
rPois    .         Spirit   .   (no helmet)
rElec    .         Reflect  .   (no cloak)
rCorr    .         Harm     .   b - +0 pair of gloves
MR       +....                  (no boots)
Stlth    +.........             (no amulet)
HPRegen  0.12/turn              (no ring)
MPRegen  0.11/turn              (no ring)

@: no status effects
A: high mp 1
a: Temporal Distortion


You were on level 3 of the Dungeon.
You worshipped Demigod.
Demigod was aware of your devotion.
You were hungry.

You visited 1 branch of the dungeon, and saw 3 of its levels.

You collected 210 gold pieces.

Inventory:

Hand Weapons
 a - a +0 long sword (weapon)
Armour
 b - a +0 pair of gloves (worn)
 c - a +0 medium shield (worn)
 o - quicksilver dragon scales (worn)
 t - a scarf of stasis
Scrolls
 f - 4 scrolls of identify {unknown}
 h - a scroll of fog
 i - a scroll of teleportation
 j - a scroll of magic mapping {unknown}
 k - a scroll of fear {unknown}
 m - a scroll of immolation {unknown}
 q - a scroll of blinking {unknown}
 r - a scroll of remove curse
 s - a scroll of enchant armour {unknown}
Potions
 d - 2 potions of might
 g - a potion of berserk rage {unknown}
 l - a potion of curing {unknown}
 n - a potion of heal wounds {unknown}
 p - 2 potions of degeneration {unknown}
Comestibles
 e - 5 rations {!d}


   Skills:
 + Level 3.2 Fighting
 * Level 2.9 Long Blades
 + Level 3.1 Armour
 + Level 3.1 Shields
 + Level 1.9 Invocations


You had 3 spell levels left.
You didn't know any spells.
Your spell library was empty.

Dungeon Overview and Level Annotations

Branches:
Dungeon (3/12)


Innate Abilities, Weirdness & Mutations

You have an increased reservoir of magic. (+10% MP)


Message History

You block the ogre's attack.
You slash the ogre!
The ogre is severely wounded.
The ogre closely misses you.
You hit the ogre.
The ogre is severely wounded.
The ogre hits you with a +0 giant club!
You barely miss the ogre.
The ogre is severely wounded.
You block the ogre's attack.
You hit the ogre.
The ogre is almost dead.
The ogre hits you with a +0 giant club!!
Ouch! That really hurt!
* * * LOW HITPOINT WARNING * * *
You barely miss the ogre.
The ogre is almost dead.
The ogre hits you with a +0 giant club.
You die...
Your divinity fades.

#>................
#.................
#........#####....
#........# #....
#....O...# #....
#.######## #....
#.# ###.. #O# #..
#@# ### #.###
#...# ###.####
#......# #......#
#......######
#.............
#.........(...


You could see an ogre.

Vanquished Creatures
  Jessica (D:3)
  2 adders
  2 oozes
  3 worms
  A dart slug (D:1)
  A leopard gecko (D:2)
  A giant cockroach (D:2)
  A goblin (D:1)
  6 hobgoblins
  2 jackals (D:3)
  A quokka (D:1)
  4 bats
  A frilled lizard (D:1)
  13 kobolds
  3 rats
42 creatures vanquished.

Notes
Turn   | Place    | Note
-------+----------+-------------------------------------------
     0 | D:1      | Hasart the Demigod Fighter began the quest for the Orb.
     0 | D:1      | Reached XP level 1. HP: 18/18 MP: 3/3
   134 | D:1      | Reached XP level 2. HP: 25/25 MP: 4/4
   157 | D:1      | Reached skill level 1 in Invocations
   853 | D:2      | Reached XP level 3. HP: 30/30 MP: 6/6
  1009 | D:2      | Found a shimmering altar of Xom.
  1631 | D:2      | Reached * piety under Demigod
  1778 | D:3      | Reached XP level 4. HP: 26/38 MP: 7/7
  1974 | D:3      | Noticed Jessica
  1990 | D:3      | Killed Jessica
  2065 | D:3      | Noticed an ogre
  2106 | D:3      | Slain by an ogre

Skill      XL: |  1  2  3 |
---------------+----------+-----
Long Blades    | 2 |  2.9
Invocations    | 1 |  1.9
Fighting       | 3 |  3.2
Armour         | 3 |  3.1
Shields        | 3 |  3.1

Action                   |  1- 3 |  4- 6 || total
-------------------------+-------+-------++-------
Melee: Long sword        |   145 |    33 ||   178
  Use: Scroll            |       |     3 ||     3
  Eat: Ration            |     1 |       ||     1
Armor: Scale mail        |    35 |       ||    35
       Quicksilver drago |     9 |    20 ||    29
Dodge: Dodged            |    36 |     8 ||    44
Block: Medium shield     |    83 |    23 ||   106
